AoeStats
← tarepo

Black Forest

508417975Analyzed
4v4 RM · 8d ago on Sep 22, 2026· 34m 26s· 8 players
Game mode
Random Map
Map size
Large (8 player)
Population
200
Speed
Normal
Resources
Standard
Victory
Conquest
Starting age
Dark Age
Ending age
Imperial Age
RankedLock teamsTeams togetherTeam positionsShared explorationLock speedFull tech treeHidden civsTurbo modeCheats
Victory
Defeat
🇨🇳 Khmer · China
891
+10
🇨🇳 Franks · China
834
+12
🇨🇦 Magyars · Canada
832
+12
🇨🇭 Spanish · Switzerland
596
+23
🇵🇰 Chinese · Pakistan
784
-16
🇩🇪 Britons · Germany
757
-15
🇹🇷 Turks · Türkiye
744
-34
🇩🇪 Khmer · Germany
699
-12
felixx.fischer
shakerL
simal
15:14 Feudal Age
17:38 Wheelbarrow
16:59 Double-Bit Axe
17:00 Horse Collar
22:20 Town Watch
deadrebel
tarepo
11:10 Feudal Age
16:30 Castle Age
15:30 Double-Bit Axe
15:39 Horse Collar
16:52 Gold Mining
20:10 Wheelbarrow
20:41 Stone Mining
22:11 Hand Cart
21:45 Town Watch
22:34 Heavy Plow
26:23 Bow Saw
26:58 Caravan
31:56 Imperial Age
31:23 Stone Shaft Mining
30:37 Loom
31:19 Scale Barding Armor
31:24 Forging
31:18 Husbandry
31:28 Bloodlines
31:49 Light Cavalry
32:51 Chain Barding Armor
34:43 Two-Man Saw
33:51 Cavalier
35:24 Plate Barding Armor
Marshall
0:28 Loom
15:44 Feudal Age
16:19 Double-Bit Axe
16:59 Horse Collar
24:03 Castle Age
22:36 Padded Archer Armor
22:42 Fletching
24:55 Bow Saw
24:52 Heavy Plow
24:46 Gold Mining
24:53 Stone Mining
26:30 Gold Shaft Mining
28:01 Thumb Ring
28:52 Leather Archer Armor
28:32 Bodkin Arrow
31:04 Ballistics
34:58 Imperial Age
33:49 Wheelbarrow
33:00 Town Watch
34:26 Bloodlines
34:16 Husbandry
梦寐一秋.
11:06 Feudal Age
14:48 Castle Age
27:56 Forging
27:55 Scale Barding Armor
27:48 Gold Mining
27:48 Stone Mining
29:40 Iron Casting
33:52 Imperial Age
32:04 Chain Barding Armor
32:39 Double-Bit Axe
33:35 Gold Shaft Mining
33:39 Husbandry
33:55 Cavalier
35:36 Plate Barding Armor
36:02 Blast Furnace
clever101994
0:33 Loom
13:43 Feudal Age
14:54 Double-Bit Axe
17:01 Bloodlines
18:52 Forging
23:50 Castle Age
22:28 Arson
22:30 Horse Collar
22:42 Gold Mining
22:48 Stone Mining
25:01 Wheelbarrow
25:04 Bow Saw
25:00 Pikeman
28:02 Fervor
31:07 Imperial Age
29:35 Light Cavalry
31:30 Town Watch
32:34 Gold Shaft Mining
33:30 Hand Cart
Connection lost

Rejoining the realm…

Still unreachable

The connection could not be restored.

Session expired

The server has moved on; the page needs a fresh start.